[Event "FIDE World Rapid Chess Championship 2021"]
[White "Sychev, Klementy"]
[Black "Salem, A.R. Saleh"]
[WhiteFideId "4114060"]
[BlackFideId "9301348"]
[WhiteElo "2461"]
[BlackElo "2729"]
[Result "0-1"]
[Round "02"]
[TimeControl "900+10"]
[Date "2021.12.26"]
[WhiteClock "0:00:53"]
[BlackClock "0:04:54"]

1. d4 d5 2. c4 e6 3. Nf3 Nf6 4. Nc3 c6 5. Bg5 Nbd7 6. e3 Be7 7. Qc2 O-O 8. Rd1 h6 9. Bf4 Nh5 10. Be5 Nhf6 11. Bg3 Nh5 12. Be5 Nhf6 13. Bxf6 Nxf6 14. Ne5 Nd7 15. Nf3 a6 16. a3 Qe8 17. Bd3 dxc4 18. Bxc4 b5 19. Ba2 c5 20. d5 c4 21. dxe6 Nc5 22. exf7+ Qxf7 23. O-O Bf5 24. e4 Bg4 25. Nd5 Bxf3 26. gxf3 Bd6 27. f4 Bxf4 28. f3 Rae8 29. b3 cxb3 30. Bxb3 Nxb3 31. Qxb3 Kh8 32. Rf2 Bb8 33. Kh1 Rxe4 34. Qd3 Rfe8 35. Rg1 R4e5 36. Nb4 Ba7 0-1


[Site "http://www.Chess.com"]

[Event "FIDE World Rapid Chess Championship 2021"]
[White "Mamedov, Rauf"]
[Black "Postny, Evgeny"]
[WhiteFideId "13401653"]
[BlackFideId "2804344"]
[WhiteElo "2690"]
[BlackElo "2454"]
[Result "1/2-1/2"]
[Round "02"]
[TimeControl "900+10"]
[Date "2021.12.26"]
[WhiteClock "0:01:21"]
[BlackClock "0:01:06"]

1. e4 e5 2. Nf3 Nc6 3. Bc4 Nf6 4. d3 Bc5 5. c3 O-O 6. Bg5 Be7 7. Nbd2 h6 8. Bh4 d6 9. a4 Nh7 10. Bg3 Kh8 11. h4 f5 12. h5 f4 13. Bh4 Bg4 14. Bxe7 Nxe7 15. Qb3 Rb8 16. Be6 Bxe6 17. Qxe6 Rf6 18. Qb3 Qe8 19. d4 Nc6 20. Kf1 Rf8 21. Qc4 Rc8 22. Qb5 Rb8 23. a5 a6 24. Qc4 Rc8 25. dxe5 dxe5 26. Nb3 Nf6 27. Nc5 Nd8 28. Rd1 Kh7 29. b4 Nf7 30. Nxb7 Nd6 31. Qxa6 Qa4 32. Re1 Qc2 33. Nxd6 cxd6 34. Rh3 Nxe4 35. Re2 Qb1+ 36. Re1 Qc2 37. Re2 Qd1+ 38. Re1 Qc2 39. Re2 Qb1+ 40. Re1 Qc2 1/2-1/2


[Site "http://www.Chess.com"]

[Event "FIDE World Rapid Chess Championship 2021"]
[White "Carlsson, Pontus"]
[Black "Riazantsev, Alexander"]
[WhiteFideId "1705814"]
[BlackFideId "4125029"]
[WhiteElo "2436"]
[BlackElo "2632"]
[Result "0-1"]
[Round "02"]
[TimeControl "900+10"]
[Date "2021.12.26"]
[WhiteClock "0:00:38"]
[BlackClock "0:05:49"]

1. e4 c6 2. d4 d5 3. e5 Bf5 4. h4 h5 5. c4 e6 6. Nc3 Bb4 7. a3 Bxc3+ 8. bxc3 Ne7 9. a4 c5 10. Nf3 Nbc6 11. dxc5 Qa5 12. Qb3 O-O 13. cxd5 Nxd5 14. Bd2 Qxc5 15. Qb5 Qe7 16. Bd3 Bg4 17. Ng5 a6 18. Qb1 Nxe5 19. c4 Nxd3+ 20. Qxd3 Nf6 21. O-O Rfd8 22. Qe3 Bf5 23. Bc3 Rd3 24. Qe5 Rc8 25. Rfd1 Rxd1+ 26. Rxd1 Ne8 27. Qd4 f6 28. Nf3 e5 29. Qb6 Rxc4 30. Bd2 Rc6 31. Qb3+ Qf7 32. Qe3 Bc2 33. Ra1 Nd6 34. Bb4 Nf5 35. Qd2 Qc4 36. Qd8+ Kh7 37. Bd2 e4 38. Qe8 exf3 39. Qxh5+ Nh6 40. Bxh6 Bg6 41. Qxf3 Kxh6 42. Qe3+ Kh7 0-1


[Site "http://www.Chess.com"]

[Event "FIDE World Rapid Chess Championship 2021"]
[White "Krasenkow, Michal"]
[Black "Heimann, Andreas"]
[WhiteFideId "1113100"]
[BlackFideId "24624632"]
[WhiteElo "2430"]
[BlackElo "2616"]
[Result "1/2-1/2"]
[Round "02"]
[TimeControl "900+10"]
[Date "2021.12.26"]
[WhiteClock "0:01:08"]
[BlackClock "0:00:42"]

1. Nf3 d5 2. d4 Nf6 3. c4 e6 4. Nc3 Bb4 5. Qa4+ Nc6 6. e3 O-O 7. Qc2 b6 8. cxd5 exd5 9. Bd3 Re8 10. O-O Bg4 11. Ne2 Bxf3 12. gxf3 Ne7 13. Kh1 Qd7 14. Rg1 Bd6 15. e4 dxe4 16. fxe4 Nc6 17. e5 Bxe5 18. dxe5 Nb4 19. Bxh7+ Nxh7 20. Qe4 Nd3 21. Qg2 Qg4 22. f4 Qxg2+ 23. Rxg2 f6 24. Bd2 fxe5 25. Bc3 Re7 26. Rag1 Rf8 27. Bxe5 Nxe5 28. fxe5 Rff7 29. Nd4 Rxe5 30. Nc6 Re8 31. Nxa7 Nf6 32. Nc6 Ne4 33. h3 Nf2+ 34. Kh2 Re6 35. Nd4 Rd6 36. Nb3 c5 37. Rg6 Rfd7 38. Rxd6 Rxd6 39. Rg2 Nd1 40. Re2 c4 41. Nc1 b5 42. a3 Kf7 43. Kg2 Re6 44. Rd2 Ne3+ 45. Kf2 Kf6 46. Ne2 Nf5 47. Nc3 Re5 48. Re2 Nd6 49. Rxe5 Kxe5 50. Ke3 g5 51. Kf3 Kd4 52. Kg4 Kd3 53. a4 b4 54. Nd5 b3 55. a5 Kc2 56. a6 Nc8 57. Ne3+ Kxb2 58. Nxc4+ Kc3 59. Na3 b2 60. Kxg5 Kb3 61. Nb1 Kc2 62. Na3+ 1/2-1/2


[Site "http://www.Chess.com"]

[Event "FIDE World Rapid Chess Championship 2021"]
[White "Amin, Bassem"]
[Black "Aziz, Husain"]
[WhiteFideId "10601457"]
[BlackFideId "12100293"]
[WhiteElo "2614"]
[BlackElo "2430"]
[Result "1-0"]
[Round "02"]
[TimeControl "900+10"]
[Date "2021.12.26"]
[WhiteClock "0:02:29"]
[BlackClock "0:06:36"]

1. Nf3 d5 2. g3 c6 3. Bg2 Bg4 4. O-O e6 5. h3 Bh5 6. d3 Nf6 7. c4 dxc4 8. dxc4 Qxd1 9. Rxd1 Nbd7 10. Nc3 Bb4 11. Bd2 a5 12. a3 Be7 13. Na4 Bg6 14. Rac1 Ne4 15. Be3 Nec5 16. Nxc5 Nxc5 17. Ne5 Nb3 18. Rc3 a4 19. Nxg6 hxg6 20. Rcd3 Bc5 21. Rxb3 1-0


[Site "http://www.Chess.com"]

[Event "FIDE World Rapid Chess Championship 2021"]
[White "Sadzikowski, Daniel"]
[Black "Ponkratov, Pavel"]
[WhiteFideId "1132253"]
[BlackFideId "4157800"]
[WhiteElo "2414"]
[BlackElo "2614"]
[Result "0-1"]
[Round "02"]
[TimeControl "900+10"]
[Date "2021.12.26"]
[WhiteClock "0:00:19"]
[BlackClock "0:00:47"]

1. e4 e6 2. d4 d5 3. Nd2 c5 4. Ngf3 cxd4 5. exd5 Qxd5 6. Bc4 Qd7 7. O-O Nf6 8. Nb3 Nc6 9. Qe2 a6 10. a4 Qc7 11. Rd1 Bd7 12. Nbxd4 Rc8 13. Bb3 Be7 14. Bg5 O-O 15. Bh4 Rfe8 16. Bg3 Qa5 17. c3 Nh5 18. Nxc6 Bxc6 19. Ne5 Nxg3 20. hxg3 Qb6 21. Bc2 g6 22. b4 Qc7 23. Nxc6 Qxc6 24. Be4 Qxc3 25. Bxb7 Rc7 26. Bxa6 Bxb4 27. Bb5 Rec8 28. Ra2 Ba5 29. Qf3 Qe5 30. Re2 Qc5 31. Re3 Qe7 32. Red3 Qg5 33. Rd7 Rxd7 34. Rxd7 Rc1+ 35. Rd1 Kg7 36. Rxc1 Qxc1+ 37. Kh2 Bb6 38. Qe2 Qc5 39. Kg1 h5 40. Kf1 f5 41. Qb2+ e5 42. Qe2 Kf6 43. Qd2 g5 44. Qe2 Qd4 45. Qe1 g4 46. Ke2 f4 47. gxf4 exf4 48. Kf1 g3 49. fxg3 Qg1+ 50. Ke2 Qxg2+ 51. Kd3 Qf3+ 52. Kc2 fxg3 53. Qe8 Qf2+ 54. Kd3 g2 55. Qf8+ Kg5 56. Qg7+ Kh4 57. Qe7+ Kh3 58. Qe6+ Kh2 59. Bc6 Qd4+ 60. Ke2 g1=N+ 61. Ke1 Ba5+ 62. Kf1 Qd3+ 63. Kf2 Nh3+ 0-1


[Site "http://www.Chess.com"]

[Event "FIDE World Rapid Chess Championship 2021"]
[White "Chigaev, Maksim"]
[Black "Nevednichy, Vladislav"]
[WhiteFideId "4108116"]
[BlackFideId "1205730"]
[WhiteElo "2605"]
[BlackElo "2425"]
[Result "1-0"]
[Round "02"]
[TimeControl "900+10"]
[Date "2021.12.26"]
[WhiteClock "0:07:30"]
[BlackClock "0:00:56"]

1. c4 d6 2. Nc3 e5 3. g3 g6 4. Bg2 Bg7 5. e4 Nc6 6. Nge2 Nf6 7. d3 O-O 8. O-O Be6 9. f4 Qd7 10. Nd5 Bg4 11. Be3 exf4 12. Ndxf4 Nh5 13. Qd2 Nxf4 14. Nxf4 Be6 15. b3 Nd4 16. b4 a5 17. b5 c5 18. bxc6 bxc6 19. Rab1 a4 20. Qf2 c5 21. e5 Rab8 22. Rxb8 Rxb8 23. Bxd4 cxd4 24. exd6 Qxd6 25. Nxe6 fxe6 26. Qf7+ Kh8 27. Qa7 Rf8 28. Qxa4 Qe5 29. Rxf8+ Bxf8 30. Be4 Qg5 31. Qc2 Bb4 32. Kg2 Kg7 33. Qf2 h5 34. Qxd4+ Qf6 35. Qxf6+ Kxf6 36. a4 g5 37. h3 Ke5 38. Kf3 Kd4 39. Bg6 h4 40. gxh4 gxh4 41. Kg4 Be1 42. a5 Kc5 43. d4+ Kc6 44. Bf7 Bxa5 45. Bxe6 Kd6 46. Kf5 Bc3 47. c5+ Ke7 48. Ke5 Bb2 49. Bg4 Bc3 50. Kd5 Bb2 51. Kc4 Bc1 52. d5 Bf4 53. Kb5 Be5 54. Kc6 Kd8 55. d6 Bb2 56. Kd5 Bc3 57. c6 Ba5 58. Ke4 1-0


[Site "http://www.Chess.com"]

[Event "FIDE World Rapid Chess Championship 2021"]
[White "Adly, Ahmed"]
[Black "Cuenca Jimenez, Jose Fernando"]
[WhiteFideId "10601619"]
[BlackFideId "2255570"]
[WhiteElo "2597"]
[BlackElo "2421"]
[Result "1-0"]
[Round "02"]
[TimeControl "900+10"]
[Date "2021.12.26"]
[WhiteClock "0:10:48"]
[BlackClock "0:00:28"]

1. Nf3 Nf6 2. g3 d5 3. Bg2 e6 4. O-O Be7 5. d4 O-O 6. c4 dxc4 7. Qc2 a6 8. a4 Bd7 9. Qxc4 Bc6 10. Bg5 Bd5 11. Qc1 h6 12. Bxf6 Bxf6 13. Nc3 Bxf3 14. Bxf3 c6 15. e3 a5 16. Ne4 Na6 17. Qc3 Be7 18. h4 Nb4 19. Kg2 Qc7 20. Rh1 Rad8 21. Rad1 Kh8 22. Qc4 Nd5 23. Qc2 Kg8 24. Nd2 Bd6 25. Nc4 Bb4 26. e4 Nb6 27. Ne3 Rd7 28. Rd3 Rfd8 29. Rhd1 c5 30. d5 c4 31. Rd4 e5 32. Rxc4 Nxc4 33. Nxc4 Bc5 34. Bg4 Re7 35. Qd2 Bb4 36. Qe2 Qc5 37. d6 Ree8 38. Rd5 Qc6 39. d7 Rf8 40. Nxe5 Qxa4 41. Qc4 Qa1 42. Bh5 Qxb2 43. Bxf7+ Kh7 44. Bg6+ Kh8 45. Bf5 Rf6 46. Rb5 Qc3 47. Nf7+ Rxf7 48. Qxf7 Qf6 49. Qe8+ Qf8 50. Qg6 Qg8 51. Re5 1-0


[Site "http://www.Chess.com"]

[Event "FIDE World Rapid Chess Championship 2021"]
[White "Bluebaum, Matthias"]
[Black "Saraci, Nderim"]
[WhiteFideId "24651516"]
[BlackFideId "6351921"]
[WhiteElo "2575"]
[BlackElo "2414"]
[Result "1-0"]
[Round "02"]
[TimeControl "900+10"]
[Date "2021.12.26"]
[WhiteClock "0:01:31"]
[BlackClock "0:00:12"]

1. d4 Nf6 2. c4 e6 3. Nc3 d5 4. cxd5 exd5 5. Bg5 c6 6. e3 Be7 7. Bd3 O-O 8. h3 Re8 9. Qc2 Nbd7 10. Nf3 Nf8 11. O-O Nh5 12. Bxe7 Qxe7 13. Rab1 a5 14. a3 Nf6 15. b4 Be6 16. Qb2 axb4 17. axb4 N6d7 18. b5 c5 19. dxc5 Nxc5 20. Be2 Nfd7 21. Ra1 Nb6 22. Qb4 h6 23. Nd4 Ne4 24. Qxe7 Rxe7 25. Rxa8+ Nxa8 26. Nxe4 dxe4 27. Nxe6 Rxe6 28. Rc1 Kf8 29. Bg4 Re8 30. Bd7 Re5 31. Rc8+ Ke7 32. Bg4 Nb6 33. Rc7+ Kf6 34. Rxb7 Rxb5 35. Bd7 Rb1+ 36. Kh2 Rb2 37. Be8 Nc4 38. Rxf7+ Ke6 39. Rf4 Nd6 40. Bg6 Ke5 41. Rf8 Ke6 42. g4 Rb5 43. h4 Ke7 44. Ra8 Rb2 45. Kg3 Kf6 46. Ra6 Ke5 47. Bh7 Rb7 48. Bg6 Rb2 49. h5 Rb3 50. Ra7 Rb7 51. Ra8 Rb1 52. f4+ Kd5 53. Ra5+ Kc4 54. Ra4+ Rb4 55. Rxb4+ Kxb4 56. g5 Kc4 57. f5 hxg5 58. f6 1-0


[Site "http://www.Chess.com"]

[Event "FIDE World Rapid Chess Championship 2021"]
[White "Alonso Rosell, Alvar"]
[Black "Dragnev, Valentin"]
[WhiteFideId "2270544"]
[BlackFideId "1634852"]
[WhiteElo "2571"]
[BlackElo "2409"]
[Result "1-0"]
[Round "02"]
[TimeControl "900+10"]
[Date "2021.12.26"]
[WhiteClock "0:05:45"]
[BlackClock "0:06:33"]

1. d4 Nf6 2. Bf4 d5 3. e3 e6 4. Nf3 Bd6 5. Bxd6 Qxd6 6. c4 c5 7. Nc3 cxd4 8. Qxd4 Nc6 9. Qd2 O-O 10. cxd5 exd5 11. Be2 Rd8 12. Rd1 Bg4 13. O-O Rac8 14. Nd4 Nxd4 15. Qxd4 Rxc3 16. Bxg4 Nxg4 17. Qxg4 Rc2 18. Qd4 Qb6 19. Qa4 Rc4 20. Qa3 d4 21. Qe7 g6 22. b3 Rc2 23. exd4 Rxa2 24. d5 Qd6 25. Qxb7 Rb8 26. Qc6 Rb6 27. Qe8+ Kg7 28. Rd3 Rc2 29. Re1 Rb7 30. h4 h5 31. g3 Rbc7 32. Qe3 Rd7 33. Qe4 Rc5 34. Red1 Rb5 35. Qd4+ Qf6 36. Qc4 Rb6 37. Rd4 Qe5 38. Re4 Qb2 39. Re3 Qf6 40. Rdd3 Rbd6 41. Re4 Qd8 42. Re5 Qf6 43. Qe4 Qd8 44. Kg2 Qa5 45. Rg5 Qa1 46. g4 hxg4 47. h5 Rf6 48. Qxg4 Rdd6 49. Rg3 Qb2 50. Rf3 Rb6 51. hxg6 Rxg6 52. Rg3 Rf6 53. Rxg6+ Rxg6 54. Qf3 Qd4 55. Qf5 Rxg3+ 56. Kxg3 Qc3+ 57. Qf3 Qe5+ 58. Kg2 Kf8 59. Qd3 Ke7 60. Qc4 Kd6 61. Qc6+ Ke7 62. Qb7+ Kf6 63. Qa6+ Kg7 64. Qc4 Kf8 65. Kf1 Qf5 66. Qc5+ Kg8 67. b4 Qd3+ 68. Ke1 Qe4+ 69. Kd2 Qf4+ 70. Kd3 Qf3+ 71. Kc4 Qe2+ 72. Kc3 Qf3+ 73. Kb2 Qe2+ 74. Ka3 Qa6+ 75. Kb3 Qd3+ 76. Ka4 Qa6+ 77. Qa5 Qc4 78. Qc5 Qa6+ 79. Qa5 Qc4 80. d6 Qc6+ 81. Ka3 Qc3+ 82. Ka4 Qc6+ 83. Kb3 Qf3+ 84. Kc4 Qc6+ 85. Qc5 Qa6+ 86. Kd5 Qb7+ 87. Qc6 Qxb4 88. d7 Qd2+ 89. Ke5 Qa5+ 90. Kd6 Kg7 91. Qc5 Qd8 92. f4 Qf6+ 93. Kc7 Qxf4+ 94. Qd6 Qc4+ 95. Qc6 Qf4+ 96. Kc8 Qf5 97. Kb7 Qa5 98. Qd6 Qd8 99. Qc7 Qg5 100. d8=Q Qb5+ 101. Ka8 1-0


[Site "http://www.Chess.com"]

[Event "FIDE World Rapid Chess Championship 2021"]
[White "Holm, Kristian Stuvik"]
[Black "Kozak, Adam"]
[WhiteFideId "1508083"]
[BlackFideId "753246"]
[WhiteElo "2409"]
[BlackElo "2552"]
[Result "0-1"]
[Round "02"]
[TimeControl "900+10"]
[Date "2021.12.26"]
[WhiteClock "0:00:15"]
[BlackClock "0:00:15"]

1. d4 d5 2. c4 e6 3. Nc3 Bb4 4. e3 Nf6 5. Qa4+ Nc6 6. Nf3 O-O 7. Bd2 Bd6 8. Qc2 h6 9. a3 dxc4 10. Bxc4 e5 11. dxe5 Nxe5 12. Nxe5 Bxe5 13. f4 Bxc3 14. Bxc3 Qe7 15. O-O Qxe3+ 16. Kh1 Qe4 17. Bd3 Qc6 18. Qf2 Rd8 19. Qg3 Nh5 20. Qe3 Bg4 21. Be4 Qb5 22. a4 Qe2 23. Rae1 Qxe3 24. Rxe3 c6 25. f5 Bd1 26. a5 a6 27. Rfe1 Rd7 28. f6 Nxf6 29. Bf5 Rd5 30. Bb1 Rad8 31. Ba2 Rb5 32. Bc4 Rc5 33. Ba2 Bh5 34. Re7 Nd5 35. Bxd5 cxd5 36. Rxb7 d4 37. Bb4 Rc2 38. Be7 Rd5 39. Rb8+ Kh7 0-1


[Site "http://www.Chess.com"]

[Event "FIDE World Rapid Chess Championship 2021"]
[White "Shoker, Samy"]
[Black "Blohberger, Felix"]
[WhiteFideId "627143"]
[BlackFideId "1632051"]
[WhiteElo "2550"]
[BlackElo "2409"]
[Result "1-0"]
[Round "02"]
[TimeControl "900+10"]
[Date "2021.12.26"]
[WhiteClock "0:00:00"]
[BlackClock "0:15:09"]

1. Nf3 Nf6 2. g3 g6 3. Bg2 Bg7 4. O-O O-O 5. d3 c5 6. c3 Nc6 7. a3 d6 8. b4 e5 9. Nbd2 Rb8 10. Rb1 h6 11. Bb2 Be6 12. b5 Ne7 13. e4 Qd7 14. a4 a6 15. d4 axb5 16. dxe5 dxe5 17. axb5 Qc7 18. c4 Nd7 19. Bc3 Ra8 20. Ra1 Rfd8 21. Qe2 Nf8 22. Nb3 b6 23. Nfd2 Rxa1 24. Nxa1 Qd6 25. Rc1 Bc8 26. Nc2 Ne6 27. Ne3 Nd4 28. Qd1 h5 29. Nd5 Bh6 30. Ra1 Bg4 31. f3 Bc8 32. Ra7 Rd7 33. Ra8 Rd8 34. Bf1 Kh7 35. Nb3 Nxd5 36. cxd5 Be3+ 37. Kh1 Bb7 38. Ra7 Rd7 39. Nd2 Bxd2 40. Bxd2 Qb8 41. Ra3 Qd8 42. h4 Rd6 43. Kg2 Bc8 44. Ra7 Rd7 45. Ra8 Rd6 46. Kf2 Qc7 47. Qa4 Rf6 48. Bg2 Nxf3 49. Bxf3 Bg4 50. Bg5 Rxf3+ 51. Kg2 c4 52. Qb4 Qc5 53. Qxc5 bxc5 54. b6 Rb3 55. Bf6 g5 56. Rh8+ Kg6 57. hxg5 Bf3+ 58. Kf2 Bxe4 59. d6 Rd3 60. Bxe5 Kf5 61. Bf4 c3 62. Rc8 Kg4 63. Rxc5 h4 64. Rc4 Rf3+ 65. Ke1 hxg3 66. Bxg3 Re3+ 67. Kf2 Rf3+ 68. Ke2 Kxg3 1-0


[Site "http://www.Chess.com"]

[Event "FIDE World Rapid Chess Championship 2021"]
[White "Kolosowski, Mateusz"]
[Black "Piorun, Kacper"]
[WhiteFideId "1129708"]
[BlackFideId "1130420"]
[WhiteElo "2371"]
[BlackElo "2547"]
[Result "0-1"]
[Round "02"]
[TimeControl "900+10"]
[Date "2021.12.26"]
[WhiteClock "0:00:40"]
[BlackClock "0:01:05"]

1. d4 Nf6 2. Nf3 e6 3. e3 b6 4. Bd3 Bb7 5. O-O c5 6. c4 Be7 7. Nc3 cxd4 8. exd4 d6 9. d5 e5 10. Qc2 Nbd7 11. Be3 O-O 12. b4 g6 13. h3 Nh5 14. Bh6 Ng7 15. Nd2 f5 16. f4 Bf6 17. Rad1 Re8 18. Nb5 Qb8 19. g4 a6 20. Nc3 e4 21. Be2 b5 22. g5 Bd4+ 23. Kg2 Qa7 24. Nb3 Be3 25. Na5 Rac8 26. Nc6 Bxc6 27. dxc6 Nf8 28. cxb5 Nfe6 29. Nd5 axb5 30. Bxb5 Nh5 31. Qb3 Nd4 32. Qxe3 Nxb5 33. Qb3 Qf7 34. a4 e3 35. Rd3 e2 36. Re1 Nc7 37. Kf2 Nxd5 38. Qxd5 Nxf4 39. Qxf7+ Kxf7 40. Rxd6 Rxc6 41. Rd7+ Re7 42. Rxe7+ Kxe7 43. Kf3 Rc4 44. a5 Rxb4 45. a6 Ra4 46. a7 Ne6 47. Rxe2 Rxa7 48. Bg7 Ra3+ 49. Kg2 Kf7 0-1


[Site "http://www.Chess.com"]

[Event "FIDE World Rapid Chess Championship 2021"]
[White "Indjic, Aleksandar"]
[Black "Mikhalevski, Victor"]
[WhiteFideId "911925"]
[BlackFideId "2801914"]
[WhiteElo "2544"]
[BlackElo "2366"]
[Result "1/2-1/2"]
[Round "02"]
[TimeControl "900+10"]
[Date "2021.12.26"]
[WhiteClock "0:03:34"]
[BlackClock "0:03:57"]

1. c4 Nf6 2. Nc3 d5 3. cxd5 Nxd5 4. g3 e5 5. Bg2 Nb6 6. d3 Be7 7. Be3 O-O 8. Rc1 Nc6 9. Bxc6 bxc6 10. Nf3 f6 11. Ne4 Be6 12. b3 f5 13. Ned2 Bd5 14. O-O Bd6 15. a4 Qf6 16. Ne1 f4 17. Bc5 Qh6 18. Ne4 fxg3 19. hxg3 Rf5 20. Kg2 Rh5 21. Nf3 Qe6 22. Rh1 Bxb3 23. Qe1 Rxh1 24. Qxh1 Bd5 25. Neg5 Bxf3+ 26. Nxf3 Qd5 27. Be3 e4 28. dxe4 Qxe4 29. a5 Nd5 30. Bd4 Rf8 31. Qd1 Qg4 32. Bxa7 h5 33. Rxc6 Nf4+ 34. Kg1 h4 35. Rxd6 cxd6 36. Nxh4 Qxe2 37. Qxe2 Nxe2+ 38. Kg2 Nc3 39. g4 Rf4 40. f3 Ra4 41. Bb6 Ra2+ 42. Kf1 Kf7 43. Nf5 d5 44. Bd4 Nb5 45. Bxg7 Rxa5 46. Kf2 Nd6 47. Nxd6+ Kxg7 48. Ke3 Kf6 49. Nf5 Ra4 50. Nd4 Rc4 51. f4 Rc3+ 52. Ke2 Rg3 53. g5+ Kg6 54. Kd2 Kh5 55. Nf5 Rf3 56. Ne7 Rxf4 57. Kd3 d4 58. g6 Kh6 59. Nc6 Kxg6 60. Nxd4 Kf6 61. Ke3 Rh4 62. Nf3 Ra4 63. Nd4 Ke5 64. Nf3+ Kd5 65. Ng5 Rg4 66. Nf3 Re4+ 67. Kd3 Re8 68. Ng5 Ke5 69. Nf3+ Kf4 70. Nd4 Rd8 71. Kc4 Ke4 72. Nc6 Rd5 73. Ne7 Rd1 74. Kc5 Rd2 75. Nc6 Rd5+ 76. Kc4 Rh5 77. Ne7 Ke5 78. Nc6+ Ke4 79. Ne7 Rh1 80. Kc5 Rc1+ 81. Kd6 Rd1+ 82. Kc5 Rd2 83. Nc6 Rd7 84. Kc4 Rd6 85. Kc5 Re6 86. Nd4 Re5+ 87. Kc4 Re8 88. Nc6 Rc8 89. Kc5 Rxc6+ 90. Kxc6 Ke5 1/2-1/2


[Site "http://www.Chess.com"]

[Event "FIDE World Rapid Chess Championship 2021"]
[White "Kadric, Denis"]
[Black "Sindarov, Javokhir"]
[WhiteFideId "14403803"]
[BlackFideId "14205483"]
[WhiteElo "2542"]
[BlackElo "2353"]
[Result "0-1"]
[Round "02"]
[TimeControl "900+10"]
[Date "2021.12.26"]
[WhiteClock "0:01:09"]
[BlackClock "0:02:58"]

1. e4 e5 2. Nf3 Nc6 3. Bc4 Nf6 4. d3 h6 5. a4 d6 6. Nc3 g6 7. h3 Bg7 8. Be3 Be6 9. Bxe6 fxe6 10. Ne2 Nh5 11. c3 O-O 12. Qd2 Kh7 13. Nh2 d5 14. g4 Nf4 15. Nxf4 exf4 16. Bxf4 Na5 17. Rd1 Nb3 18. Qe3 d4 19. Qg3 Qf6 20. Bd2 Nxd2 21. Rxd2 dxc3 22. bxc3 Qxc3 23. Ke2 Be5 24. Qg2 Bf4 25. Rhd1 Bxd2 26. Rxd2 a5 27. Nf1 b5 28. Ne3 b4 29. Rc2 Qg7 30. Nc4 b3 31. Rb2 Rab8 32. e5 Rb4 33. Qe4 Qd7 34. h4 Qd5 35. Ke3 Qxe4+ 36. Kxe4 Rfb8 37. Kd4 0-1


[Site "http://www.Chess.com"]

[Event "FIDE World Rapid Chess Championship 2021"]
[White "Zvjaginsev, Vadim"]
[Black "Nasuta, Grzegorz"]
[WhiteFideId "4113403"]
[BlackFideId "1141686"]
[WhiteElo "2539"]
[BlackElo "2345"]
[Result "1/2-1/2"]
[Round "02"]
[TimeControl "900+10"]
[Date "2021.12.26"]
[WhiteClock "0:00:58"]
[BlackClock "0:00:55"]

1. c4 c6 2. e4 d5 3. cxd5 cxd5 4. exd5 Nf6 5. Nc3 g6 6. Bc4 Bg7 7. Nge2 O-O 8. d4 Nbd7 9. Nf4 a6 10. a4 b6 11. O-O Bb7 12. Re1 b5 13. axb5 Nb6 14. Bf1 axb5 15. Rxa8 Bxa8 16. d6 Qxd6 17. Nxb5 Qd7 18. Nc3 e6 19. Be3 Nfd5 20. Ncxd5 Nxd5 21. Nxd5 Qxd5 22. Qd2 Rb8 23. Rc1 h5 24. b4 Bf8 25. Rb1 Bc6 26. Bf4 Rd8 27. b5 Bb7 28. b6 Bg7 29. Bg5 Rd7 30. Be3 Bxd4 31. Bxd4 Qxd4 32. Qg5 Qd5 33. Qxd5 Rxd5 34. g3 Kf8 35. Bg2 Rd7 36. Bxb7 Rxb7 37. Kg2 Ke7 38. Kf3 Kd6 39. g4 hxg4+ 40. Kxg4 f6 41. h4 Kc6 42. Re1 Kd6 43. Rb1 Kc6 44. Re1 1/2-1/2


[Site "http://www.Chess.com"]

[Event "FIDE World Rapid Chess Championship 2021"]
[White "Gagunashvili, Merab"]
[Black "Szpar, Milosz"]
[WhiteFideId "13601652"]
[BlackFideId "1184989"]
[WhiteElo "2538"]
[BlackElo "2315"]
[Result "0-1"]
[Round "02"]
[TimeControl "900+10"]
[Date "2021.12.26"]
[WhiteClock "0:00:31"]
[BlackClock "0:01:03"]

1. d4 Nf6 2. c4 e6 3. Nc3 c5 4. d5 exd5 5. cxd5 d6 6. e4 g6 7. f4 Bg7 8. Bb5+ Nfd7 9. a4 O-O 10. Nf3 Na6 11. O-O Nb4 12. Re1 a6 13. Bf1 Re8 14. h3 f5 15. exf5 Rxe1 16. Nxe1 gxf5 17. Be3 Nf6 18. Nc2 Bd7 19. Qd2 Qe8 20. Bf2 Qf7 21. Ne3 Rd8 22. Nc4 Be8 23. Re1 b5 24. Ne3 Ne4 25. Nxe4 fxe4 26. axb5 axb5 27. Nd1 Qxd5 28. Qxd5+ Nxd5 29. Rxe4 Bg6 30. Re1 c4 31. g3 Nb4 32. Nc3 Nd3 33. Bxd3 Bxd3 34. Bb6 Ra8 35. Bc7 b4 36. Nd5 b3 37. Nb6 Ra2 38. Nc8 Bd4+ 39. Kh1 Rxb2 40. Nxd6 Re2 0-1


[Site "http://www.Chess.com"]

[Event "FIDE World Rapid Chess Championship 2021"]
[White "Baum, Jonasz"]
[Black "Donchenko, Alexander"]
[WhiteFideId "1195360"]
[BlackFideId "24603295"]
[WhiteElo "2343"]
[BlackElo "2535"]
[Result "0-1"]
[Round "02"]
[TimeControl "900+10"]
[Date "2021.12.26"]
[WhiteClock "0:00:11"]
[BlackClock "0:05:44"]

1. d4 Nf6 2. c4 e6 3. Nf3 a6 4. Nc3 d5 5. cxd5 exd5 6. Bg5 Be6 7. Qb3 Nbd7 8. Qxb7 Rb8 9. Qxa6 Rxb2 10. Qd3 c5 11. Rb1 c4 12. Qd1 Bb4 13. Bd2 Rxd2 14. Qxd2 Ne4 15. Rxb4 Nxd2 16. Kxd2 Nf6 17. e3 Qa5 18. a3 Ne4+ 19. Nxe4 dxe4 20. Ne1 Qxa3 21. Nc2 Qa5 22. Kc3 O-O 23. Be2 Qf5 24. f4 exf3 25. gxf3 Qh3 26. Rhb1 Qxh2 27. Bf1 Qf2 28. f4 Bf5 29. R4b2 Bxc2 30. Rxc2 Qxe3+ 31. Kxc4 Rc8+ 32. Kd5 Rd8+ 33. Kc6 Qe4+ 34. Kc7 Qxc2+ 0-1


[Site "http://www.Chess.com"]

[Event "FIDE World Rapid Chess Championship 2021"]
[White "Gabuzyan, Hovhannes"]
[Black "Kuzmicz, Krystian"]
[WhiteFideId "13303732"]
[BlackFideId "1119125"]
[WhiteElo "2535"]
[BlackElo "2314"]
[Result "1/2-1/2"]
[Round "02"]
[TimeControl "900+10"]
[Date "2021.12.26"]
[WhiteClock "0:09:01"]
[BlackClock "0:01:33"]

1. c4 g6 2. g3 Bg7 3. Bg2 e5 4. Nc3 d6 5. d3 f5 6. e4 Nc6 7. Nge2 Nf6 8. exf5 Bxf5 9. O-O O-O 10. a3 Qd7 11. Bg5 h6 12. Bxf6 Bxf6 13. Nd5 Bg7 14. b4 Rae8 15. b5 Nd8 16. Re1 Ne6 17. Ne3 Nc5 18. Nc1 Bh3 19. Nb3 Bxg2 20. Kxg2 e4 21. Nxc5 dxc5 22. dxe4 Qf7 23. Ra2 Rxe4 24. Nd5 Rxc4 25. Re7 Rd4 26. Rxf7 Rxd1 27. Rd7 Kh8 28. Re2 c6 29. bxc6 bxc6 30. Nb6 Rxd7 31. Nxd7 Rf5 32. Re6 Bd4 33. f4 Rd5 34. Nb8 c4 35. Nxc6 Bb2 36. Kf3 c3 37. Nb4 Rd2 38. Re8+ Kg7 39. Re7+ Kf6 40. Rxa7 c2 41. Ra6+ Kg7 42. Ra7+ Kf8 43. Ra8+ Kf7 44. Ra7+ Ke8 45. Ra8+ Kd7 46. Ra7+ Ke8 47. Ra8+ 1/2-1/2


[Site "http://www.Chess.com"]

[Event "FIDE World Rapid Chess Championship 2021"]
[White "Asadli, Vugar"]
[Black "Mastrovasilis, Dimitrios"]
[WhiteFideId "13405764"]
[BlackFideId "4202694"]
[WhiteElo "2309"]
[BlackElo "2534"]
[Result "0-1"]
[Round "02"]
[TimeControl "900+10"]
[Date "2021.12.26"]
[WhiteClock "0:03:32"]
[BlackClock "0:03:15"]

1. e4 e5 2. Nf3 Nc6 3. Bc4 Nf6 4. d3 Be7 5. O-O O-O 6. Nc3 d6 7. a3 Bg4 8. h3 Bh5 9. Nd5 Nxd5 10. Bxd5 Qc8 11. g4 Bg6 12. Be3 Nd8 13. Ne1 c6 14. Ba2 Ne6 15. Ng2 Qd7 16. h4 h6 17. f3 d5 18. Qe1 Rae8 19. Qg3 Bc5 20. Bxc5 Nxc5 21. h5 Bh7 22. Rae1 dxe4 23. fxe4 Qd4+ 24. Qf2 Qxf2+ 25. Rxf2 Ne6 26. Ref1 f6 27. Nh4 Kh8 28. Bxe6 Rxe6 29. Ng6+ Bxg6 30. hxg6 Kg8 31. Kg2 Rd8 32. Kg3 Kf8 33. g5 hxg5 34. Rh1 Ke7 35. Rh7 Rg8 36. Kg4 Rd6 37. Kf5 a5 38. b4 a4 39. Rd2 b6 40. c3 c5 41. bxc5 bxc5 42. Rb2 Rxd3 43. Rb7+ Rd7 44. Rb6 Rd6 45. Rb5 Rd3 46. Rxc5 Rf3+ 47. Kg4 Rf4+ 48. Kg3 Rxe4 49. Rc7+ Ke6 50. Rhxg7 Rxg7 51. Rxg7 Kf5 52. Rg8 Re3+ 0-1


[Site "http://www.Chess.com"]